 Dungeon Crawl Stone Soup version bcrawl-1.15.1-4-g77d781cab4 (webtiles) character file.

Game seed: 14032591518579517974

4480 FishyPogo the Nimble (level 10, -6/82 HPs)
             Began as a Gnoll Reaver on Oct 6, 2019.
             Was an Elder of Vehumet.
             Mangled by an orc warrior
             ... wielding a +1 glaive of protection
              (13 damage)
             ... on level 7 of the Dungeon on Oct 11, 2019.
             The game lasted 00:34:00 (7458 turns).

FishyPogo the Nimble (Gnoll Reaver)                 Turns: 7458, Time: 00:34:00

Health: -6/82      AC: 11    Str: 14    XL:     10   Next: 38%
Magic:  0/20       EV: 17    Int: 19    God:    Vehumet [****..]
Gold:   599        SH:  5    Dex: 14    Spells: 5/23 levels left

rFire    . . .     SeeInvis .   a - +1 flail
rCold    . . .     Gourm    .   u - +0 buckler
rNeg     . . .     Faith    .   b - +0 steam dragon scales
rPois    .         Spirit   .   x - +0 helmet
rElec    .         Reflect  .   t - +2 cloak
rCorr    .         Harm     .   n - +0 pair of gloves
MR       .....                  (no boots)
Stlth    +++.......             A - amulet of inaccuracy
HPRegen  0.23/turn              (no ring)
MPRegen  0.17/turn              (no ring)

@: infused (expiring)
A: distributed training, fangs 1, strong nose
a: Renounce Religion


You were on level 7 of the Dungeon.
You worshipped Vehumet.
Vehumet was greatly pleased with you.
You were not hungry.

You visited 1 branch of the dungeon, and saw 7 of its levels.

You collected 599 gold pieces.

Inventory:

Hand Weapons
 a - a +1 flail (weapon)
 i - a -3 whip
 B - a +1 antimagic spear
Missiles
 D - 341 stones (quivered)
Armour
 b - +0 steam dragon scales (worn)
 j - a +0 robe of positive energy
 n - a +0 pair of gloves (worn)
 t - a +2 cloak (worn)
 u - a +0 buckler (worn)
 x - a +0 helmet (worn)
Jewellery
 k - an uncursed amulet of magic regeneration
 A - an amulet of inaccuracy (around neck)
Wands
 e - a wand of random effects (11)
 v - a wand of flame (35)
 F - a wand of paralysis (8)
Scrolls
 d - a scroll of immolation
 h - 6 scrolls of teleportation
 l - 3 scrolls of enchant weapon
 m - 7 scrolls of identify
 p - 3 scrolls of remove curse
 q - a scroll of amnesia
 r - a scroll of magic mapping
 w - a scroll of blinking {unknown}
 y - a scroll of enchant armour
 C - a scroll of brand weapon {unknown}
Potions
 c - 3 potions of haste
 g - 4 potions of curing
 o - a potion of lignification {unknown}
 s - 2 potions of degeneration {unknown}
 z - a potion of brilliance {unknown}
Comestibles
 f - 17 rations {!d}
 E - 11 chunks of flesh


   Skills:
 + Level 8.4 Fighting
 + Level 5.1 Short Blades
 + Level 5.1 Long Blades
 + Level 5.1 Axes
 + Level 8.4 Maces & Flails
 + Level 5.1 Polearms
 + Level 5.1 Staves
 + Level 5.1 Slings
 + Level 5.1 Bows
 + Level 5.1 Crossbows
 + Level 5.1 Throwing
 + Level 5.1 Armour
 + Level 8.4 Dodging
 + Level 5.1 Stealth
 + Level 5.1 Shields
 + Level 5.1 Unarmed Combat
 + Level 7.2 Spellcasting
 + Level 4.2 Conjurations
 + Level 4.2 Hexes
 + Level 4.2 Charms
 + Level 4.2 Summonings
 + Level 4.2 Necromancy
 + Level 4.2 Translocations
 + Level 4.2 Transmutations
 + Level 4.2 Fire Magic
 + Level 4.2 Ice Magic
 + Level 4.2 Air Magic
 + Level 4.2 Earth Magic
 + Level 4.2 Poison Magic
 + Level 5.6 Invocations
 + Level 5.1 Evocations


You had 5 spell levels left.
You knew the following spells:

 Your Spells              Type           Power        Failure   Level  Hunger
a - Sting                 Conj/Pois      ###.         1%          1    None
b - Flame Tongue          Conj/Fire      ###..        1%          1    None
c - Dazzling Spray        Conj/Hex       ###...       1%          3    #......
d - Infusion              Chrm           ###.....     1%          1    None
e - Iskenderun's Battles  Conj/Chrm      ###.....     13%         5    #####..
f - Conjure Flame         Conj/Fire      ###.....     1%          3    #......
g - Sandblast             Erth           ###...       1%          1    None
h - Ignite Poison         Fire/Tmut/Pois ###.....     1%          3    #......

Your spell library contained the following spells:

 Spells                   Type           Power        Failure   Level  Hunger
 Apportation              Tloc           ###...       1%          1    None
 Slow                     Hex            ###.....     1%          1    None
 Summon Butterflies       Summ           ###.....     1%          1    None


Dungeon Overview and Level Annotations

Branches:
Dungeon (7/12)             Temple (0/1) D:4
   Lair: D:7-9

Altars:
Dithmenos
Elyvilon
Hepliaklqana
Kikubaaqudgha
Lugonu
Makhleb
Okawaru
Qazlal
Vehumet
Zin
The Shining One

Shops:
D:5 %(


Innate Abilities, Weirdness & Mutations

Your experience applies equally to all skills.
You have very sharp teeth.
Your uncanny sense of smell can sniff out nearby items.


Message History

Your magical infusion is running out.
The orc wizard closely misses you.
You closely miss the orc wizard.
The orc wizard is lightly wounded.
You block the orc wizard's attack.
The orc priest calls upon Beogh to heal the orc warrior.
The orc warrior is healed somewhat.
The crimson imp blinks!
You strike the helpless orc warrior from behind!
You thump the orc warrior!
The orc warrior is almost dead.
The orc warrior is no longer blind.
The orc warrior misses you.
You hit the orc warrior but do no damage.
The orc warrior is almost dead.
The orc priest calls down the wrath of Beogh upon you.
Beogh smites you!
* * * LOW HITPOINT WARNING * * *
You hit the orc warrior but do no damage.
The orc warrior is almost dead.
The orc warrior hits you with a +1 glaive of protection!
You die...

....... ....... ......
### ..... # #.# ...#
####.# ...#
.....#############o..####
)...............@oo....[.
)######.#####.####h..####
..#####'#####.# ...#
#.##........#.# .....
#.##........#.# .....#
#.##........#.# .o...#
#..#........#.# .{o..# ##
##.#........#.# .....# #.
#.#........#.# #.


You could see an orc warrior, a howler monkey, an orc priest and an orc wizard.

Vanquished Creatures
  A troll (D:7)
  2 hippogriffs
  3 yaks (D:7)
  4 hogs (D:7)
  A human (D:7)
  A hungry ghost (D:7)
  2 ogres (D:5)
  An orc warrior (D:7)
  2 sky beasts
  3 phantoms
  3 centaurs
  A bullfrog (D:7)
  A gnoll sergeant (D:7)
  A scorpion (D:3)
  6 killer bees (D:7)
  5 crimson imps
  2 howler monkeys
  4 hounds
  2 jellies
  A quasit (D:7)
  6 orc priests
  A bullfrog skeleton (D:5)
  7 orc wizards
  4 worker ants
  A hound skeleton (D:5)
  A howler monkey zombie (D:7)
  A worker ant zombie (D:6)
  4 gnolls (D:7)
  8 adders
  2 shadow imps
  A white imp (D:7)
  2 worms
  4 leopard geckos
  20 orcs
  6 giant cockroaches
  6 goblins
  14 hobgoblins
  8 jackals
  4 quokkas
  8 bats
  4 frilled lizards
  15 kobolds
  A leopard gecko zombie (D:6)
  A quokka skeleton (D:4)
  5 rats
  2 bushes (D:1)
  A plant (D:1)
183 creatures vanquished.

Vanquished Creatures (others)
  An orc wizard (D:7)
  An orc (D:4)
  A bush (D:1)
3 creatures vanquished.

Grand Total: 186 creatures vanquished

Notes
Turn   | Place    | Note
-------+----------+-------------------------------------------
     0 | D:1      | FishyPogo the Gnoll Reaver began the quest for the Orb.
     0 | D:1      | Reached XP level 1. HP: 23/23 MP: 6/6
   325 | D:1      | Reached XP level 2. HP: 29/29 MP: 7/7
   659 | D:1      | Reached * piety under Vehumet
   659 | D:1      | Offered knowledge of Sting by Vehumet.
   662 | D:1      | Learned a level 1 spell: Sting
   831 | D:1      | Reached XP level 3. HP: 35/35 MP: 9/9
   869 | D:1      | Reached skill level 5 in Spellcasting
  1639 | D:2      | Reached skill level 1 in Invocations
  1656 | D:2      | Learned a level 1 spell: Infusion
  1863 | D:2      | Reached skill level 1 in Short Blades
  1863 | D:2      | Reached skill level 1 in Long Blades
  1863 | D:2      | Reached skill level 1 in Axes
  1863 | D:2      | Reached skill level 1 in Polearms
  1863 | D:2      | Reached skill level 1 in Staves
  1863 | D:2      | Reached skill level 1 in Slings
  1863 | D:2      | Reached skill level 1 in Bows
  1863 | D:2      | Reached skill level 1 in Crossbows
  1863 | D:2      | Reached skill level 1 in Throwing
  1863 | D:2      | Reached skill level 1 in Armour
  1863 | D:2      | Reached skill level 1 in Stealth
  1863 | D:2      | Reached skill level 1 in Shields
  1863 | D:2      | Reached skill level 1 in Unarmed Combat
  1863 | D:2      | Reached skill level 1 in Evocations
  1906 | D:2      | Reached XP level 4. HP: 41/41 MP: 11/11
  2016 | D:2      | Offered knowledge of Flame Tongue by Vehumet.
  2019 | D:2      | Learned a level 1 spell: Flame Tongue
  2032 | D:2      | Reached ** piety under Vehumet
  2177 | D:2      | Found a faded altar of an unknown god.
  2407 | D:3      | Reached skill level 1 in Conjurations
  2407 | D:3      | Reached skill level 1 in Hexes
  2407 | D:3      | Reached skill level 1 in Charms
  2407 | D:3      | Reached skill level 1 in Summonings
  2407 | D:3      | Reached skill level 1 in Necromancy
  2407 | D:3      | Reached skill level 1 in Translocations
  2407 | D:3      | Reached skill level 1 in Transmutations
  2407 | D:3      | Reached skill level 1 in Fire Magic
  2407 | D:3      | Reached skill level 1 in Ice Magic
  2407 | D:3      | Reached skill level 1 in Air Magic
  2407 | D:3      | Reached skill level 1 in Earth Magic
  2407 | D:3      | Reached skill level 1 in Poison Magic
  2434 | D:3      | Reached XP level 5. HP: 22/47 MP: 9/12
  2893 | D:3      | Reached XP level 6. HP: 38/53 MP: 13/13
  3342 | D:4      | Noticed a sky beast
  3396 | D:4      | Offered knowledge of Dazzling Spray by Vehumet.
  3401 | D:4      | Learned a level 3 spell: Dazzling Spray
  3501 | D:4      | Killed a sky beast
  3811 | D:4      | Reached XP level 7. HP: 56/59 MP: 15/15
  3967 | D:4      | Found a staircase to the Ecumenical Temple.
  4092 | D:4      | Reached *** piety under Vehumet
  4115 | D:4      | Learned a level 5 spell: Iskenderun's Battlesphere
  4139 | D:5      | Entered Level 5 of the Dungeon
  4139 | D:5      | Found Noggah's Weapon Shoppe.
  4274 | D:5      | HP: 2/60 [orc wizard/magic dart (7)]
  4364 | D:5      | Reached XP level 8. HP: 43/67 MP: 7/16
  4507 | D:5      | Found Osuleg's Food Emporium.
  4509 | D:5      | Offered knowledge of Conjure Flame by Vehumet.
  4514 | D:5      | Learned a level 3 spell: Conjure Flame
  4556 | D:5      | Found a burning altar of Makhleb.
  4556 | D:5      | Noticed a balrug
  4559 | D:5      | Noticed an orange demon
  4559 | D:5      | Noticed a smoke demon
  4913 | D:7      | Noticed a hippogriff
  4921 | D:7      | Killed a hippogriff
  4940 | D:7      | Noticed a yak
  4940 | D:7      | Noticed a yak
  4941 | D:7      | Noticed a yak
  5034 | D:6      | Found a radiant altar of Vehumet.
  5122 | D:6      | Noticed a hippogriff
  5132 | D:6      | Killed a hippogriff
  5282 | D:6      | Reached XP level 9. HP: 67/72 MP: 18/18
  6164 | D:7      | Learned a level 1 spell: Sandblast
  6225 | D:7      | Found a glowing silver altar of Zin.
  6233 | D:7      | Found an ancient bone altar of Kikubaaqudgha.
  6247 | D:7      | Reached **** piety under Vehumet
  6273 | D:7      | Found an iron altar of Okawaru.
  6277 | D:7      | Found a corrupted altar of Lugonu.
  6277 | D:7      | Found a shadowy altar of Dithmenos.
  6278 | D:7      | Found a stormy altar of Qazlal.
  6293 | D:7      | Found a white marble altar of Elyvilon.
  6295 | D:7      | Found a hazy altar of Hepliaklqana.
  6296 | D:7      | Found a glowing golden altar of the Shining One.
  6421 | D:7      | Offered knowledge of Ignite Poison by Vehumet.
  6722 | D:7      | Learned a level 3 spell: Ignite Poison
  6871 | D:7      | Reached skill level 5 in Invocations
  6991 | D:7      | Reached XP level 10. HP: 75/80 MP: 7/20
  7270 | D:7      | Reached skill level 5 in Short Blades
  7270 | D:7      | Reached skill level 5 in Long Blades
  7270 | D:7      | Reached skill level 5 in Axes
  7270 | D:7      | Reached skill level 5 in Polearms
  7270 | D:7      | Reached skill level 5 in Staves
  7270 | D:7      | Reached skill level 5 in Slings
  7270 | D:7      | Reached skill level 5 in Bows
  7270 | D:7      | Reached skill level 5 in Crossbows
  7270 | D:7      | Reached skill level 5 in Throwing
  7270 | D:7      | Reached skill level 5 in Armour
  7270 | D:7      | Reached skill level 5 in Stealth
  7270 | D:7      | Reached skill level 5 in Shields
  7270 | D:7      | Reached skill level 5 in Unarmed Combat
  7270 | D:7      | Reached skill level 5 in Evocations
  7458 | D:7      | Mangled by an orc warrior

Skill      XL: |  1  2  3  4  5  6  7  8  9 10 |
---------------+-------------------------------+-----
Spellcasting   | 5 6 7 |  7.2
Invocations    | 1 2 3 4 5 |  5.6
Short Blades   | 1 2 3 4 5 |  5.1
Long Blades    | 1 2 3 4 5 |  5.1
Axes           | 1 2 3 4 5 |  5.1
Polearms       | 1 2 3 4 5 |  5.1
Staves         | 1 2 3 4 5 |  5.1
Slings         | 1 2 3 4 5 |  5.1
Bows           | 1 2 3 4 5 |  5.1
Crossbows      | 1 2 3 4 5 |  5.1
Throwing       | 1 2 3 4 5 |  5.1
Armour         | 1 2 3 4 5 |  5.1
Stealth        | 1 2 3 4 5 |  5.1
Shields        | 1 2 3 4 5 |  5.1
Unarmed Combat | 1 2 3 4 5 |  5.1
Evocations     | 1 2 3 4 5 |  5.1
Conjurations   | 1 2 3 4 |  4.2
Hexes          | 1 2 3 4 |  4.2
Charms         | 1 2 3 4 |  4.2
Summonings     | 1 2 3 4 |  4.2
Necromancy     | 1 2 3 4 |  4.2
Translocations | 1 2 3 4 |  4.2
Transmutations | 1 2 3 4 |  4.2
Fire Magic     | 1 2 3 4 |  4.2
Ice Magic      | 1 2 3 4 |  4.2
Air Magic      | 1 2 3 4 |  4.2
Earth Magic    | 1 2 3 4 |  4.2
Poison Magic   | 1 2 3 4 |  4.2
Fighting       | 7 8 |  8.4
Maces & Flails | 7 8 |  8.4
Dodging        | 7 8 |  8.4

Action                   |  1- 3 |  4- 6 |  7- 9 | 10-12 || total
-------------------------+-------+-------+-------+-------++-------
Melee: Flail             |   251 |   125 |   194 |    60 ||   630
       Bite              |    43 |     9 |    28 |     2 ||    82
       Punch             |     1 |     1 |       |       ||     2
       Whip              |       |       |   109 |       ||   109
Throw: Stone             |       |       |     2 |       ||     2
 Cast: Sting             |    15 |    31 |   115 |    32 ||   193
       Flame Tongue      |       |    12 |    18 |       ||    30
       Infusion          |       |     4 |    18 |     4 ||    26
       Dazzling Spray    |       |     1 |    20 |     7 ||    28
       Conjure Flame     |       |       |     4 |       ||     4
       Ignite Poison     |       |       |     3 |     8 ||    11
  Use: Scroll            |     6 |     3 |     1 |       ||    10
       Potion            |       |       |     4 |       ||     4
 Stab: Sleeping          |     1 |       |     1 |       ||     2
       Distracted        |       |     2 |     1 |       ||     3
       Invisible         |       |     1 |     1 |     1 ||     3
  Eat: Chunk             |     4 |     6 |    11 |     4 ||    25
       Ration            |       |       |       |     1 ||     1
Armor: Steam dragon scal |    11 |    19 |    72 |    26 ||   128
       Ring mail         |    12 |    18 |       |       ||    30
Dodge: Dodged            |    64 |   102 |   233 |    68 ||   467
Block: Buckler           |       |     3 |    71 |    22 ||    96
